[Event "January 2 Late 2024"]
[Site "https://www.chess.com"]
[Date "2024.01.02"]
[Round "4"]
[White "Kubatko, Ivan"]
[Black "Gardezi, Arsal"]
[Result "0-1"]
[Board "214"]
[TimeControl "180+1"]
[WhiteFideId "24111473"]
[BlackFideId "30949521"]
[WhiteElo "2364"]
[BlackElo "2112"]
[WhiteTeam "RUS"]
[BlackTeam "USA"]
[WhiteClock "0:00:00"]
[BlackClock "0:00:20"]

1. c4 Nf6 2. Nc3 e6 3. d4 d5 4. Nf3 b6 5. Bf4 Bd6 6. Ne5 Bb7 7. e3 Nbd7 8. cxd5 exd5 9. Bd3 Qe7 10. Nxd7 Nxd7 11. Bxd6 Qxd6 12. O-O a6 13. e4 O-O 14. e5 Qh6 15. Qf3 c5 16. Nxd5 Kh8 17. Be4 cxd4 18. Qg3 Rad8 19. Rfe1 Nc5 20. e6 fxe6 21. Nf4 Nxe4 22. Rxe4 Bxe4 23. Re1 Qxf4 24. Qxf4 Rxf4 25. f3 Bd5 0-1

[Event "January 2 Late 2024"]
[Site "https://www.chess.com"]
[Date "2024.01.02"]
[Round "4"]
[White "Pein, Jonathan"]
[Black "Quirke, Jeffrey"]
[Result "1-0"]
[Board "215"]
[TimeControl "180+1"]
[WhiteFideId "417092"]
[BlackFideId "2013029"]
[WhiteElo "2348"]
[BlackElo "2074"]
[WhiteTeam "ENG"]
[BlackTeam "USA"]
[WhiteClock "0:00:07"]
[BlackClock "0:00:00"]

1. e4 e6 2. d4 d5 3. Nd2 c5 4. exd5 Qxd5 5. Ngf3 cxd4 6. Bc4 Qd7 7. Nb3 Nc6 8. Nbxd4 Nxd4 9. Qxd4 Qxd4 10. Nxd4 a6 11. Be3 Bd7 12. O-O-O O-O-O 13. Kb1 Nf6 14. Nb3 Bc6 15. Rxd8+ Kxd8 16. Bb6+ Kc8 17. f3 Be7 18. Nd4 Bd5 19. Bd3 Nd7 20. Ba5 Nc5 21. Be2 b5 22. c4 bxc4 23. Rc1 Kb7 24. Bxc4 Bxc4 25. Rxc4 Rc8 26. Bb4 Kb6 27. Nb3 Kb5 28. Nd2 Rd8 29. a4+ Kb6 30. Nb3 Nxb3 31. Bxe7 Nd2+ 32. Kc2 Nxc4 33. Bxd8+ Kc6 34. Bg5 Nd6 35. Bd2 Nf5 36. Kd3 h5 37. g3 Nd6 38. b4 g6 39. Bf4 Nb7 40. Kc4 Nd8 41. b5+ axb5+ 42. axb5+ Kb7 43. Kc5 f6 44. Kd6 e5 45. Be3 Nf7+ 46. Ke6 Nd8+ 47. Kxf6 1-0

[Event "January 2 Late 2024"]
[Site "https://www.chess.com"]
[Date "2024.01.02"]
[Round "4"]
[White "Brandao, Marcius Gomes"]
[Black "Mesa Cruz, Juan Carlos"]
[Result "0-1"]
[Board "216"]
[TimeControl "180+1"]
[WhiteFideId "2124980"]
[BlackFideId "6423400"]
[WhiteElo "2073"]
[BlackElo "2287"]
[WhiteTeam "BRA"]
[BlackTeam "DOM"]
[WhiteClock "0:00:44"]
[BlackClock "0:01:02"]

1. d4 Nf6 2. c4 e6 3. Nc3 Bb4 4. f3 c5 5. d5 b5 6. e4 bxc4 7. Bxc4 d6 8. Ne2 O-O 9. O-O Ba6 10. Bxa6 Nxa6 11. a3 Ba5 12. Bg5 h6 13. Bh4 c4 14. dxe6 fxe6 15. Nf4 Nc5 16. Bxf6 Qxf6 17. Qxd6 Qxf4 18. Qxc5 Bb6 0-1

[Event "January 2 Late 2024"]
[Site "https://www.chess.com"]
[Date "2024.01.02"]
[Round "4"]
[White "De Souza, Arthur Olintho"]
[Black "Skaric, Djuro"]
[Result "0-1"]
[Board "217"]
[TimeControl "180+1"]
[WhiteFideId "2116200"]
[BlackFideId "934569"]
[WhiteElo "2072"]
[BlackElo "2286"]
[WhiteTeam "BRA"]
[BlackTeam "SRB"]
[WhiteClock "0:01:03"]
[BlackClock "0:02:11"]

1. e4 d6 2. d4 g6 3. Nc3 Bg7 4. h3 Nf6 5. Nge2 O-O 6. Be3 Nc6 7. g4 e5 8. Bg2 Nd7 9. O-O Nb6 10. b3 f5 11. exf5 gxf5 12. dxe5 Nxe5 13. f4 Ng6 14. Nd4 fxg4 15. hxg4 Qh4 16. f5 Ne5 17. Rf4 Bh6 18. g5 Qxg5 19. Ne6 Bxe6 20. fxe6 Rxf4 0-1

[Event "January 2 Late 2024"]
[Site "https://www.chess.com"]
[Date "2024.01.02"]
[Round "4"]
[White "Vujcic, Milena"]
[Black "Lalanne, Pablo"]
[Result "0-1"]
[Board "218"]
[TimeControl "180+1"]
[WhiteFideId "954748"]
[BlackFideId "112151"]
[WhiteElo "2027"]
[BlackElo "2286"]
[WhiteTeam "SRB"]
[BlackTeam "ARG"]
[WhiteClock "0:00:00"]
[BlackClock "0:00:13"]

1. e4 c5 2. Nf3 d6 3. d4 cxd4 4. Nxd4 Nf6 5. Nc3 a6 6. Bg5 e6 7. f4 Nbd7 8. Qf3 Qc7 9. O-O-O b5 10. g4 Bb7 11. Bxf6 Nxf6 12. g5 b4 13. Ncb5 axb5 14. Nxb5 Qc6 15. gxf6 Rxa2 16. Kb1 Ra5 17. Nd4 Qxe4 18. Qg3 gxf6 19. Rg1 Qd5 20. Bg2 Qa2+ 21. Kc1 Qa1+ 22. Kd2 Qxb2 23. Nb3 Rd5+ 24. Bxd5 Bxd5 25. Ra1 Bh6 26. Qe3 e5 27. Rgf1 Qc3+ 28. Qxc3 bxc3+ 29. Kxc3 Bxf4 30. Nd2 Rg8 31. Nc4 Kd7 32. Nb6+ Ke6 33. Nxd5 Kxd5 34. Ra5+ Ke6 35. Ra4 Rc8+ 36. Kd3 f5 37. Ra6 Bg5 38. Rg1 e4+ 39. Kd4 Bf6+ 40. Ke3 Be5 41. Rg2 Rc3+ 42. Kd2 Rh3 43. Ra8 Bxh2 44. Re8+ Kd7 45. Rh8 Bf4+ 46. Ke2 d5 47. Rhg8 d4 48. R8g7 Ke6 0-1

[Event "January 2 Late 2024"]
[Site "https://www.chess.com"]
[Date "2024.01.02"]
[Round "4"]
[White "Oliveira, Tiago Batista"]
[Black "Gonzalez Zharikov, Andrey"]
[Result "0-1"]
[Board "219"]
[TimeControl "180+1"]
[WhiteFideId "2108291"]
[BlackFideId "5145287"]
[WhiteElo "2023"]
[BlackElo "2284"]
[WhiteTeam "BRA"]
[BlackTeam "MEX"]
[WhiteClock "0:00:09"]
[BlackClock "0:02:08"]

1. d4 Nf6 2. c4 e6 3. Nf3 d5 4. g3 Be7 5. Bg2 O-O 6. O-O dxc4 7. Ne5 c5 8. dxc5 Bxc5 9. Bg5 h6 10. Qxd8 Rxd8 11. Bxf6 gxf6 12. Nxc4 e5 13. Nc3 Nc6 14. Rac1 Be6 15. Ne4 Be7 16. Ne3 Rac8 17. Nc5 Bxc5 18. Rxc5 Nd4 19. Rxc8 Rxc8 20. Re1 b6 21. b3 a5 22. Bb7 Rc7 23. Bd5 Kf8 24. Bxe6 fxe6 25. Nc4 Rc6 26. Kg2 Ke7 27. e3 Nc2 28. Rd1 Nb4 29. a3 Nd5 30. e4 Nc7 31. Kf3 a4 32. Nd2 Nb5 33. bxa4 Nxa3 34. Ra1 Nc2 35. Ra2 Nd4+ 36. Ke3 Rc3# 0-1

[Event "January 2 Late 2024"]
[Site "https://www.chess.com"]
[Date "2024.01.02"]
[Round "4"]
[White "Antonio, Jorge Carlos"]
[Black "Winkels, Marcel"]
[Result "1-0"]
[Board "220"]
[TimeControl "180+1"]
[WhiteFideId "113190"]
[BlackFideId "1003887"]
[WhiteElo "2279"]
[BlackElo "2011"]
[WhiteTeam "ARG"]
[BlackTeam "NED"]
[WhiteClock "0:01:29"]
[BlackClock "0:01:26"]

1. d4 Nf6 2. Nf3 g6 3. c4 Bg7 4. Nc3 O-O 5. e4 d6 6. Be2 Bg4 7. O-O Bxf3 8. Bxf3 e5 9. dxe5 dxe5 10. Qxd8 Rxd8 11. Bg5 c6 12. Rfd1 Na6 13. a3 Nc5 14. b4 Ne6 15. Bxf6 Bxf6 16. Ne2 Rxd1+ 17. Rxd1 Rd8 18. Rxd8+ Bxd8 19. Bg4 Nd4 20. Nxd4 exd4 21. Kf1 a5 22. Ke2 axb4 23. axb4 b6 24. c5 bxc5 25. bxc5 Be7 26. Bd7 Bxc5 27. Bxc6 Kg7 28. Kd3 g5 29. g3 g4 30. Bd7 h5 31. h3 gxh3 32. Bxh3 Kf6 33. f4 Ba7 34. e5+ Ke7 35. Bg2 Ke6 36. Ke4 f6 37. f5+ Kf7 38. e6+ Kg7 39. Bf3 Kh6 40. e7 1-0

[Event "January 2 Late 2024"]
[Site "https://www.chess.com"]
[Date "2024.01.02"]
[Round "4"]
[White "Smirnov, Timofey"]
[Black "Minina, Veronika"]
[Result "0-1"]
[Board "221"]
[TimeControl "180+1"]
[WhiteFideId "24176427"]
[BlackFideId "4174780"]
[WhiteElo "1983"]
[BlackElo "2277"]
[WhiteTeam "RUS"]
[BlackTeam "RUS"]
[WhiteClock "0:00:00"]
[BlackClock "0:00:44"]

1. d4 Nf6 2. Bf4 g6 3. Nc3 Bg7 4. e4 O-O 5. e5 Ne8 6. h4 d6 7. Nf3 dxe5 8. Bxe5 Nc6 9. Bxg7 Nxg7 10. Qd2 Bg4 11. O-O-O Bxf3 12. gxf3 Qd7 13. Bb5 Qf5 14. Qe3 Nb4 15. Bd3 Nxd3+ 16. Rxd3 Ne6 17. h5 Nf4 18. Rdd1 e6 19. hxg6 fxg6 20. Nb5 Rf7 21. Nc3 Raf8 22. d5 exd5 23. Qe1 c5 24. Qg1 d4 25. Qh2 dxc3 26. b3 c4 27. Rde1 cxb3 28. axb3 Qa5 0-1

[Event "January 2 Late 2024"]
[Site "https://www.chess.com"]
[Date "2024.01.02"]
[Round "4"]
[White "Anna20240"]
[Black "Nithyalakshmi, Sivanesan"]
[Result "1/2-1/2"]
[Board "222"]
[TimeControl "180+1"]
[BlackFideId "5706955"]
[WhiteElo "1712"]
[BlackElo "2269"]
[BlackTeam "MAS"]
[WhiteClock "0:00:08"]
[BlackClock "0:00:01"]

1. d4 Nf6 2. c4 g6 3. Nf3 Bg7 4. g3 d6 5. Bg2 O-O 6. O-O Nc6 7. Nc3 a6 8. e4 e5 9. d5 Na5 10. Qa4 c5 11. b4 cxb4 12. Qxb4 Bg4 13. Be3 Nd7 14. Na4 Rc8 15. Nb6 Nxb6 16. Bxb6 Rxc4 17. Qxa5 Qc8 18. Be3 Rxe4 19. Rfc1 Qb8 20. Nh4 Rxe3 21. fxe3 e4 22. Rab1 f5 23. Qb6 Be5 24. Qxb7 Qd8 25. Rc7 Qg5 26. Re1 h5 27. Rc8 Bg7 28. Rxf8+ Bxf8 29. Qxa6 Qf6 30. h3 g5 31. hxg4 gxh4 32. gxf5 hxg3 33. Bh1 Qh4 34. Re2 Qg4 35. Rg2 h4 36. Qe2 Qxf5 37. Qf1 Qe5 38. Qf4 Qa1+ 39. Qf1 Qe5 40. Qf4 Qa1+ 41. Qf1 Qe5 1/2-1/2

[Event "January 2 Late 2024"]
[Site "https://www.chess.com"]
[Date "2024.01.02"]
[Round "4"]
[White "Vargas Pereda, Jesus Manue"]
[Black "Vanek, Tomas"]
[Result "0-1"]
[Board "223"]
[TimeControl "180+1"]
[WhiteFideId "5115710"]
[BlackFideId "313459"]
[WhiteElo "1770"]
[BlackElo "2265"]
[WhiteTeam "MEX"]
[BlackTeam "CZE"]
[WhiteClock "0:00:00"]
[BlackClock "0:02:38"]

1. d4 f5 2. Qd3 d5 3. g4 fxg4 4. Bg2 Nf6 5. e4 dxe4 6. Bxe4 Nc6 7. c3 Nxe4 8. Qxe4 g6 9. Bg5 Bf5 10. Qe2 Qd5 0-1

[Event "January 2 Late 2024"]
[Site "https://www.chess.com"]
[Date "2024.01.02"]
[Round "4"]
[White "Harish, Neeraj"]
[Black "Vargas, Mauricio"]
[Result "1-0"]
[Board "224"]
[TimeControl "180+1"]
[WhiteFideId "30958130"]
[BlackFideId "4404572"]
[WhiteElo "2261"]
[BlackElo "1837"]
[WhiteTeam "USA"]
[BlackTeam "COL"]
[WhiteClock "0:00:59"]
[BlackClock "0:01:19"]

1. e4 d5 2. exd5 Qxd5 3. Nc3 Qa5 4. d4 c6 5. Nf3 Bg4 6. Be2 Nf6 7. h3 Bf5 8. g4 Bg6 9. Ne5 Nbd7 10. Bf4 e6 11. h4 Be4 12. f3 Bd5 13. Kf2 Nxe5 14. Bxe5 Nxg4+ 15. fxg4 Bxh1 16. Qxh1 f6 17. Bf4 Qb4 18. Qe4 Qe7 19. Bc4 Kf7 20. Re1 f5 21. Bxe6+ Ke8 22. Qxf5 Qxh4+ 23. Bg3 Qf6 24. Bd7+ Kd8 25. Re8# 1-0

[Event "January 2 Late 2024"]
[Site "https://www.chess.com"]
[Date "2024.01.02"]
[Round "4"]
[White "Burke, Paul"]
[Black "Cueto, Jonny"]
[Result "0-1"]
[Board "226"]
[TimeControl "180+1"]
[WhiteFideId "2605767"]
[BlackFideId "3300145"]
[WhiteElo "1918"]
[BlackElo "2241"]
[WhiteTeam "CAN"]
[BlackTeam "BOL"]
[WhiteClock "0:00:16"]
[BlackClock "0:00:09"]

1. e4 e6 2. d4 d5 3. e5 c5 4. Qg4 Nc6 5. Nf3 Bd7 6. Bd3 Nge7 7. O-O Ng6 8. Qg3 cxd4 9. a3 Qc7 10. Re1 Be7 11. h4 O-O-O 12. h5 Nf8 13. Qxg7 Ng6 14. hxg6 Rdg8 15. Qxf7 hxg6 16. c3 Rf8 17. Qg7 Rhg8 18. Qh6 Qd8 19. cxd4 Rh8 20. Qd2 Qe8 21. b4 g5 22. b5 Nd8 23. Qc2+ Kb8 24. Bg6 Nf7 25. Nxg5 Rh4 26. Nxf7 Rxf7 27. Be3 Qh8 28. Kf1 Bxb5+ 29. Bd3 Rh1+ 30. Ke2 Rxe1+ 31. Kxe1 Qh1+ 32. Ke2 Bxd3+ 33. Qxd3 Qxg2 34. Nd2 Bh4 35. Rf1 Qg4+ 36. Ke1 Rc7 37. Qb1 Qh3 38. Qd1 Qxe3+ 39. Qe2 Rc1# 0-1

[Event "January 2 Late 2024"]
[Site "https://www.chess.com"]
[Date "2024.01.02"]
[Round "4"]
[White "Carrillo Marval, Maria Angelica"]
[Black "Andersson, Bjorn 1971"]
[Result "1-0"]
[Board "227"]
[TimeControl "180+1"]
[WhiteFideId "3911853"]
[BlackFideId "1702114"]
[WhiteElo "1947"]
[BlackElo "2239"]
[WhiteTeam "PAN"]
[BlackTeam "SWE"]
[WhiteClock "0:00:04"]
[BlackClock "0:00:18"]

1. e4 b5 2. Bxb5 Bb7 3. d3 f5 4. Qe2 fxe4 5. dxe4 Nf6 6. Bd3 e5 7. Nc3 Nc6 8. Bg5 Nd4 9. Qd1 Bb4 10. a3 Ba5 11. b4 Bb6 12. Nf3 Nxf3+ 13. Qxf3 O-O 14. O-O Qe8 15. Qh3 Bd4 16. Bc4+ Kh8 17. Bxf6 Rxf6 18. Rad1 Rh6 19. Qf3 Rf6 20. Qd3 Qh5 21. Ne2 Rh6 22. h3 Bb6 23. Ng3 Qg5 24. Qxd7 Rg6 25. Kh2 h5 26. Rg1 Bxf2 27. Nf5 Bxe4 28. Qxc7 Bxf5 29. Bf7 Bxh3 30. Bxg6 Qg3+ 31. Kh1 Bg4 32. Rd8+ Rxd8 33. Qxd8# 1-0

[Event "January 2 Late 2024"]
[Site "https://www.chess.com"]
[Date "2024.01.02"]
[Round "4"]
[White "Rose, Felix"]
[Black "Desideri, Ricardo Maruchi"]
[Result "0-1"]
[Board "228"]
[TimeControl "180+1"]
[WhiteFideId "5105722"]
[BlackFideId "2110440"]
[WhiteElo "2234"]
[BlackElo "1973"]
[WhiteTeam "MEX"]
[BlackTeam "BRA"]
[WhiteClock "0:00:05"]
[BlackClock "0:00:05"]

1. b3 e5 2. Bb2 Nc6 3. e3 Nf6 4. c4 d5 5. cxd5 Nxd5 6. a3 Be6 7. Qc2 Be7 8. Nf3 f6 9. Bb5 Qd7 10. d4 exd4 11. Nxd4 O-O-O 12. Nxc6 bxc6 13. Bxc6 Qd6 14. Qc4 Nb4 15. Qe2 Nxc6 16. O-O Bxb3 17. Qa6+ Kd7 18. Nc3 Ke8 19. Nb5 Qd3 20. Nxc7+ Kf7 21. Qxc6 Qf5 22. Qe4 Qxe4 23. f3 Qxe3+ 24. Kh1 Qe2 25. Rae1 Qxb2 26. Nd5 Rxd5 27. f4 Bc4 28. h4 Bxf1 29. Kh2 Qxg2# 0-1

[Event "January 2 Late 2024"]
[Site "https://www.chess.com"]
[Date "2024.01.02"]
[Round "5"]
[White "Nakamura, Hikaru"]
[Black "Van Foreest, Jorden"]
[Result "1-0"]
[Board "1"]
[TimeControl "180+1"]
[WhiteFideId "2016192"]
[BlackFideId "1039784"]
[WhiteElo "3277"]
[BlackElo "3008"]
[WhiteTeam "USA"]
[BlackTeam "NED"]
[WhiteClock "0:00:17"]
[BlackClock "0:00:00"]

1. e4 e5 2. Bc4 Nf6 3. d3 Bc5 4. Nc3 d6 5. h3 c6 6. Nge2 a5 7. a4 Be6 8. Ng3 Nbd7 9. O-O O-O 10. Qf3 Kh8 11. Nf5 Nb6 12. Bg5 Nbd7 13. Rad1 Qe8 14. b3 Ng8 15. Ne2 g6 16. Nh6 f6 17. Be3 Bxe3 18. Qxe3 f5 19. exf5 gxf5 20. Nxg8 Rxg8 21. Bxe6 Qxe6 22. f4 Rg6 23. Rf2 Rag8 24. Kh1 Qd5 25. c4 Qe6 26. fxe5 dxe5 27. d4 f4 28. Qe4 Rh6 29. dxe5 Nc5 30. Qf3 Qxe5 31. Nxf4 Ne4 32. Re2 Re8 33. Rde1 1-0

[Event "January 2 Late 2024"]
[Site "https://www.chess.com"]
[Date "2024.01.02"]
[Round "5"]
[White "Le, Tuan Minh"]
[Black "Nihal Sarin"]
[Result "1/2-1/2"]
[Board "2"]
[TimeControl "180+1"]
[WhiteFideId "12401153"]
[BlackFideId "25092340"]
[WhiteElo "3006"]
[BlackElo "3214"]
[WhiteTeam "VIE"]
[BlackTeam "IND"]
[WhiteClock "0:00:09"]
[BlackClock "0:00:05"]

1. d4 Nf6 2. c4 g6 3. Nf3 Bg7 4. g3 c5 5. Bg2 cxd4 6. Nxd4 h5 7. h3 Nc6 8. Nc3 O-O 9. O-O d6 10. Nc2 Be6 11. b3 h4 12. gxh4 Qa5 13. Qd3 Qh5 14. Qg3 d5 15. Bf3 Qh8 16. cxd5 Nxd5 17. Nxd5 Bxa1 18. Nxa1 Bxd5 19. Bxd5 Qxa1 20. Bh6 Qf6 21. Bxf8 Kxf8 22. Bxc6 Qxc6 23. Rd1 Rc8 24. Qg4 e6 25. h5 gxh5 26. Qxh5 Qc5 27. Rd8+ Ke7 28. Qh4+ f6 29. Rxc8 Qxc8 30. Qh7+ Kd6 31. Qg7 Qc1+ 32. Kg2 Qb2 33. e3 Qxa2 34. Qxb7 a5 35. h4 Qb1 36. Qb6+ Ke7 37. Qc7+ Kf8 38. Qc4 Kf7 39. h5 Qf5 40. Qh4 Kg7 41. e4 Qe5 42. Qg4+ Kh8 43. h6 f5 44. exf5 exf5 45. Qg5 Qe4+ 46. Kh2 Qe5+ 47. Kh3 Qc3+ 48. Qg3 Qf6 49. Qg7+ Qxg7 50. hxg7+ Kxg7 51. Kg3 Kg6 52. Kf4 Kf6 53. f3 Ke6 54. Kg5 Ke5 55. Kg6 Kd4 56. Kxf5 Kc3 57. Kg4 Kxb3 58. f4 a4 59. f5 a3 60. f6 a2 61. f7 a1=Q 62. f8=Q Qg1+ 63. Kh5 Qh1+ 64. Kg6 Qc6+ 65. Kg7 Qc4 66. Qf7 Qxf7+ 67. Kxf7 1/2-1/2

[Event "January 2 Late 2024"]
[Site "https://www.chess.com"]
[Date "2024.01.02"]
[Round "5"]
[White "Svane, Rasmus"]
[Black "Firouzja, Alireza"]
[Result "0-1"]
[Board "3"]
[TimeControl "180+1"]
[WhiteFideId "4657101"]
[BlackFideId "12573981"]
[WhiteElo "3001"]
[BlackElo "3167"]
[WhiteTeam "GER"]
[BlackTeam "FRA"]
[WhiteClock "0:00:05"]
[BlackClock "0:00:06"]

1. Nf3 Nf6 2. g3 g6 3. Bg2 Bg7 4. O-O O-O 5. d4 d6 6. Re1 Nc6 7. d5 Nb4 8. e4 c6 9. Nc3 Bg4 10. a3 Na6 11. Be3 Nc5 12. h3 Bxf3 13. Bxf3 Nfd7 14. Bg2 Rc8 15. Bd4 Bxd4 16. Qxd4 Qb6 17. b4 Na4 18. Qxb6 Naxb6 19. dxc6 Rxc6 20. Nd5 Re8 21. Ne3 Rc3 22. Re2 Ne5 23. Nd1 Rc7 24. a4 Rec8 25. c3 g5 26. a5 Nbd7 27. Kh2 Nf6 28. Raa2 h5 29. Rad2 g4 30. h4 Rc6 31. Kg1 Kf8 32. Kf1 e6 33. Rc2 Ke7 34. Red2 Rc4 35. Re2 R8c7 36. Rb2 a6 37. Rbd2 Nfd7 38. Re3 R4c6 39. Ree2 Nc4 40. Ra2 Nde5 41. Rac2 Rc8 42. Ke1 R6c7 43. Kf1 Nc6 44. Ra2 N4e5 45. Ke1 Nc4 46. Kf1 Na7 47. f3 Nb5 48. f4 e5 49. Kf2 Kf6 50. Bf1 Re7 51. Re1 Rec7 52. Bd3 Ke6 53. Kg2 f6 54. Rf2 Ke7 55. Ref1 Nxc3 56. fxe5 Nxd1 57. exf6+ Kf8 58. Bxc4 Ne3+ 59. Kg1 Rxc4 60. Re1 Rc1 61. Re2 Rxe1+ 62. Rxe1 Nc4 63. Rd1 Kf7 64. Rd5 Kxf6 65. Rxh5 Ne5 66. Rh6+ Ke7 67. Rh7+ Ke6 68. Rxb7 Rc3 69. Kf2 Rc2+ 70. Ke3 Rg2 71. Kf4 Rf2+ 72. Kg5 Rf3 73. h5 Rxg3 74. h6 Rh3 75. h7 g3 76. Kf4 g2 77. Rg7 Rf3+ 78. Kg5 g1=Q+ 0-1

[Event "January 2 Late 2024"]
[Site "https://www.chess.com"]
[Date "2024.01.02"]
[Round "5"]
[White "Anton Guijarro, David"]
[Black "Paravyan, David"]
[Result "1/2-1/2"]
[Board "4"]
[TimeControl "180+1"]
[WhiteFideId "2285525"]
[BlackFideId "4194985"]
[WhiteElo "2980"]
[BlackElo "3114"]
[WhiteTeam "ESP"]
[BlackTeam "FID"]
[WhiteClock "0:01:26"]
[BlackClock "0:01:15"]

1. Nf3 d5 2. b3 c5 3. e3 Nf6 4. Bb2 g6 5. c4 dxc4 6. Bxc4 Bg7 7. O-O O-O 8. d4 cxd4 9. Nxd4 Bd7 10. Be2 Nc6 11. Nd2 Rc8 12. Nc4 Ne4 13. Bf3 Ng5 14. Bxc6 Bxc6 15. Nxc6 Rxc6 16. Bxg7 Kxg7 17. Qe2 Qc7 18. a4 Ne4 19. Qb2+ f6 20. Rfd1 Nd6 21. Nxd6 Rxd6 22. Rxd6 Qxd6 23. Rc1 Rc8 24. g3 Rxc1+ 25. Qxc1 a5 26. Qc3 b6 27. h4 h5 28. Qc4 Kf8 29. Qc8+ Kg7 30. Qc4 Kf8 31. Qc8+ Kg7 32. Qc4 1/2-1/2

[Event "January 2 Late 2024"]
[Site "https://www.chess.com"]
[Date "2024.01.02"]
[Round "5"]
[White "Pranav, V"]
[Black "Kamsky, Gata"]
[Result "1/2-1/2"]
[Board "5"]
[TimeControl "180+1"]
[WhiteFideId "25060783"]
[BlackFideId "2000024"]
[WhiteElo "3046"]
[BlackElo "2961"]
[WhiteTeam "IND"]
[BlackTeam "USA"]
[WhiteClock "0:00:04"]
[BlackClock "0:00:23"]

1. e4 e5 2. Nf3 Nc6 3. Bb5 a6 4. Ba4 Nf6 5. O-O Be7 6. d3 d6 7. c4 O-O 8. Nc3 Bg4 9. Be3 Nd4 10. Bxd4 exd4 11. Ne2 Bxf3 12. gxf3 Nh5 13. f4 g6 14. Kh1 Qc8 15. f5 Kh8 16. Rg1 Bf6 17. Qd2 Rg8 18. Qh6 Qf8 19. Qxf8 Raxf8 20. fxg6 fxg6 21. f4 c6 22. b4 Bg7 23. Raf1 Bh6 24. Rg4 Rf6 25. f5 Be3 26. c5 gxf5 27. Rxg8+ Kxg8 28. exf5 Kf8 29. cxd6 Rxd6 30. Ng3 Nxg3+ 31. hxg3 Kg7 32. Kg2 Kf6 33. Bb3 Rd8 34. Be6 h6 35. Kf3 Ra8 36. Rb1 Ke5 37. Rb2 Rf8 38. a4 Ra8 39. g4 Rh8 40. b5 axb5 41. axb5 h5 42. gxh5 Rxh5 43. bxc6 bxc6 44. Rc2 Kd6 45. Kg4 Rg5+ 46. Kf3 Rg1 47. Rg2 Rxg2 48. Kxg2 1/2-1/2

[Event "January 2 Late 2024"]
[Site "https://www.chess.com"]
[Date "2024.01.02"]
[Round "5"]
[White "Caruana, Fabiano"]
[Black "Livaic, Leon"]
[Result "1-0"]
[Board "6"]
[TimeControl "180+1"]
[WhiteFideId "2020009"]
[BlackFideId "14531534"]
[WhiteElo "3038"]
[BlackElo "2911"]
[WhiteTeam "USA"]
[BlackTeam "CRO"]
[WhiteClock "0:00:18"]
[BlackClock "0:00:01"]

1. e4 e6 2. d4 d5 3. Nc3 Bb4 4. e5 c5 5. a3 Bxc3+ 6. bxc3 Nc6 7. Qg4 g6 8. h4 h6 9. Nf3 Bd7 10. Bd3 Qa5 11. Bd2 c4 12. Be2 O-O-O 13. a4 Rf8 14. O-O f6 15. Qxg6 Nge7 16. Qg3 Nf5 17. Qh2 fxe5 18. Nxe5 Ncxd4 19. Bd1 Rhg8 20. h5 Be8 21. Re1 Rg7 22. Kh1 Rfg8 23. g4 Nd6 24. Qf4 Nc6 25. Nxc6 Bxc6 26. Qxd6 d4+ 27. Kh2 Rxg4 28. Bxg4 Rxg4 29. Re5 Qa6 30. Qxe6+ 1-0

[Event "January 2 Late 2024"]
[Site "https://www.chess.com"]
[Date "2024.01.02"]
[Round "5"]
[White "Hakobyan, Aram"]
[Black "Sanal, Vahap"]
[Result "0-1"]
[Board "7"]
[TimeControl "180+1"]
[WhiteFideId "13306677"]
[BlackFideId "6300545"]
[WhiteElo "3030"]
[BlackElo "2883"]
[WhiteTeam "ARM"]
[BlackTeam "TUR"]
[WhiteClock "0:00:00"]
[BlackClock "0:00:19"]

1. e4 d6 2. Nc3 Nf6 3. f4 e5 4. Nf3 Nc6 5. Bb5 Bd7 6. d3 Be7 7. Bxc6 Bxc6 8. fxe5 Ng4 9. exd6 Qxd6 10. O-O O-O-O 11. Qe2 h5 12. Bd2 Rde8 13. Be1 f5 14. Rd1 Bf6 15. Bg3 Qb4 16. Rb1 h4 17. Be1 h3 18. g3 fxe4 19. Nxe4 Qb5 20. c4 Qf5 21. Bc3 Bxe4 22. dxe4 Rxe4 23. Qc2 Ne3 24. Nd2 Nxc2 25. Rxf5 Re2 26. Rf2 Rhe8 27. Bxf6 gxf6 28. Nf1 Nd4 29. Rd1 c5 30. g4 Rxf2 31. Kxf2 Re2+ 32. Kg3 Rxb2 33. Rd2 Rb1 34. Ne3 Kc7 35. Kxh3 Kc6 36. Nd5 b5 37. Ne7+ Kd6 38. Nf5+ Ke5 39. cxb5 Nxf5 40. Re2+ Kd4 41. gxf5 c4 42. Kg4 c3 43. h4 Kd3 44. Re6 c2 45. Rd6+ Ke4 46. Re6+ Kd5 47. Rc6 c1=Q 48. Rxc1 Rxc1 49. Kh5 Ke5 50. Kg6 Rg1+ 0-1

[Event "January 2 Late 2024"]
[Site "https://www.chess.com"]
[Date "2024.01.02"]
[Round "5"]
[White "Melkumyan, Hrant"]
[Black "Bortnyk, Olexandr"]
[Result "1-0"]
[Board "8"]
[TimeControl "180+1"]
[WhiteFideId "13302485"]
[BlackFideId "14120828"]
[WhiteElo "2875"]
[BlackElo "3020"]
[WhiteTeam "ARM"]
[BlackTeam "UKR"]
[WhiteClock "0:00:52"]
[BlackClock "0:00:25"]

1. Nf3 Nf6 2. d4 b6 3. c4 Bb7 4. Nc3 g6 5. d5 Bg7 6. e4 O-O 7. Bd3 a5 8. O-O Na6 9. e5 Ng4 10. Re1 d6 11. Bf4 Nc5 12. Bc2 dxe5 13. Nxe5 Nxe5 14. Bxe5 Bxe5 15. Rxe5 e6 16. Qd2 exd5 17. cxd5 Qh4 18. Rae1 Rad8 19. Qe3 Rd7 20. a3 Kg7 21. g3 Qc4 22. Rd1 Ba6 23. h4 f6 24. Re7+ Rxe7 25. Qxe7+ Rf7 26. Qe3 Qg4 27. Rd4 Qh3 28. Rd1 Nd7 29. Be4 Re7 30. Bg2 Rxe3 31. Bxh3 Re7 32. d6 cxd6 33. Nd5 Rf7 34. Be6 Bc4 35. Bxf7 Kxf7 36. Ne3 Ne5 37. f4 Bb3 38. Rxd6 Nc4 39. Nxc4 Bxc4 40. Rxb6 1-0

[Event "January 2 Late 2024"]
[Site "https://www.chess.com"]
[Date "2024.01.02"]
[Round "5"]
[White "Sarana, Alexey"]
[Black "Lewicki, Miroslaw"]
[Result "1-0"]
[Board "9"]
[TimeControl "180+1"]
[WhiteFideId "24133795"]
[BlackFideId "1113380"]
[WhiteElo "3017"]
[BlackElo "2561"]
[WhiteTeam "SRB"]
[BlackTeam "POL"]
[WhiteClock "0:01:28"]
[BlackClock "0:00:00"]

1. d4 Nf6 2. c4 e6 3. Nc3 d5 4. Bg5 Be7 5. e3 Nbd7 6. Qc2 c6 7. Nf3 h6 8. Bh4 O-O 9. Be2 b6 10. O-O Bb7 11. Rfd1 Rc8 12. Rac1 dxc4 13. Bxc4 c5 14. dxc5 Rxc5 15. Bb5 Rc7 16. Ne5 a6 17. Bxd7 Nxd7 18. Bxe7 Qxe7 19. Nd5 Nxe5 20. Nxe7+ Rxe7 21. Qc3 Ng6 22. Qb4 Bd5 23. f3 b5 24. e4 Bb7 25. Rd2 Rfe8 26. Rcd1 Ne5 27. Rd8 Kh7 28. Rxe8 Rxe8 29. Qc5 Nc4 30. b3 Rc8 31. Qxc8 Bxc8 32. bxc4 bxc4 33. Rc1 Bd7 34. Rxc4 Bb5 35. Rc5 Kg6 36. Kf2 Kf6 37. h4 g5 38. h5 Ke7 39. Ke3 Kd6 40. Rxg5 hxg5 41. h6 f5 42. h7 f4+ 43. Kf2 1-0

[Event "January 2 Late 2024"]
[Site "https://www.chess.com"]
[Date "2024.01.02"]
[Round "5"]
[White "Naroditsky, Daniel"]
[Black "Adewumi, Tanitoluwa"]
[Result "1-0"]
[Board "10"]
[TimeControl "180+1"]
[WhiteFideId "2026961"]
[BlackFideId "30966396"]
[WhiteElo "3149"]
[BlackElo "2707"]
[WhiteTeam "USA"]
[BlackTeam "USA"]
[WhiteClock "0:01:23"]
[BlackClock "0:00:00"]

1. e4 c5 2. Nf3 Nc6 3. Bb5 g6 4. O-O Bg7 5. c3 Nf6 6. e5 Nd5 7. d4 cxd4 8. cxd4 O-O 9. Nc3 Nxc3 10. bxc3 d6 11. exd6 Qxd6 12. a4 Rd8 13. Re1 Be6 14. Ba3 Qc7 15. Rxe6 fxe6 16. Qe2 Qc8 17. Ng5 Rd5 18. Nxe6 Bf6 19. Bc4 Rf5 20. Nc7+ Kg7 21. Nxa8 Qxa8 22. Be6 Rg5 23. Re1 Qd8 24. Qe3 Ra5 25. Bb3 b5 26. Qe6 b4 27. cxb4 Nxd4 28. Qf7+ Kh8 29. bxa5 1-0